 Dungeon Crawl Stone Soup version 0.29-a0-322-g68df515428 (webtiles) character file.

Game seed: 3536468746706051044

87 iguanaiguana the Firebug (level 4, -3/27 HPs)
             Began as a Deep Elf Cinder Acolyte on Apr 6, 2022.
             Was a High Priest of Ignis.
             Slain by an orc wizard
             ... wielding a +2 dagger of venom
              (4 damage)
             ... on level 3 of the Dungeon.
             The game lasted 00:06:28 (2721 turns).

iguanaiguana the Firebug (Deep Elf Cinder Acolyte)  Turns: 2721, Time: 00:06:29

Health: -3/27      AC:  3    Str: 10 (11) XL:     4   Next: 28%
Magic:  3/8        EV: 10    Int: 21      God:    Ignis [*****.]
Gold:   85         SH:  0    Dex: 12      Spells: 4/6 levels left

rFire   + . .      SeeInvis .   a - -1 short sword (flame)
rCold   . . .      Faith    .   (no shield)
rNeg    . . .      Spirit   .   d - +0 leather armour
rPois   .          Reflect  .   (no helmet)
rElec   .          Harm     .   (no cloak)
rCorr   .          Rampage  .   (no gloves)
Will    .....                   (no boots)
Stlth   +.........              (no amulet)
HPRegen 0.09/turn               (no ring)
MPRegen 0.11/turn               (no ring)

@: lethally poisoned (-3 -> -12), on berserk cooldown, slowed, very slow
A: agile 1, deterioration 1
a: Renounce Religion, Fiery Armour, Foxfire Swarm, Rising Flame


You were on level 3 of the Dungeon.
You worshipped Ignis.
Ignis was extremely pleased with you.
You visited 1 branch of the dungeon, and saw 3 of its levels.

You collected 85 gold pieces.

Inventory:

Hand Weapons
 a - a -1 short sword of flaming (weapon)
Missiles
 n - 2 curare-tipped darts (quivered)
 o - 3 javelins
Armour
 b - a +0 robe
 d - a +0 leather armour (worn)
Scrolls
 c - a scroll of vulnerability
 e - a scroll of acquirement {unknown}
 f - a scroll of immolation {unknown}
 h - 3 scrolls of teleportation {@r3}
 m - a scroll of torment {unknown}
 p - a scroll of noise {unknown}
 q - a scroll of blinking {unknown}
Potions
 g - a potion of attraction
 i - 2 potions of berserk rage
 j - a potion of haste {@q4}
 r - a potion of brilliance {unknown}


   Skills:
 - Level 2.4 Fighting
 - Level 3.0 Short Blades
 + Level 1.0 Throwing
 - Level 1.0 Stealth
 - Level 1.5 Spellcasting
 * Level 5.3 Fire Magic


You had 4 spell levels left.
You knew the following spells:

 Your Spells              Type           Power      Damage    Failure   Level
a - Scorch                Fire           48%        2d7       3%          2

Your spell library contained the following spells:

 Spells                   Type           Power      Damage    Failure   Level


Dungeon Overview and Level Annotations

Branches:
Dungeon (3/15)

Altars:

Shops:
D:2 (


Innate Abilities, Weirdness & Mutations

You are agile. (Dex +2)
Your body sometimes deteriorates upon taking damage.


Message History

A red film seems to cover your vision as you go berserk!
You feel yourself moving faster!
You feel mighty!
The orc wizard hits you but does no damage.
You hit the orc wizard but do no damage.
The orc wizard is severely wounded.
The orc wizard gestures at you while chanting.
You are confused.
You are too berserk!
You feel a strong urge to attack something.
The orc wizard closely misses you.
You miss the orc wizard.
The orc wizard is severely wounded.
The orc wizard barely misses you.
You're too confused to move!
You puncture the orc wizard! You burn the orc wizard.
You kill the orc wizard!
Your Throwing skill increases to level 1!
You have reached level 4!
You feel clever.
You hit something. You burn something. Something hits you but does no damage.
You are poisoned.
You bump into the rock wall.
You feel sick.
You bump into the rock wall.
You feel a strong urge to attack something.
You feel sick. Something hits you.
* * * LOW HITPOINT WARNING * * *
You are lethally poisoned!
You are too berserk!
You are no longer berserk.
You are exhausted.
You feel yourself slow down.
* * * LOW HITPOINT WARNING * * *
You feel sick.
It was a potion of mutation.
You feel extremely strange.
You feel yourself wasting away.
You feel agile.
You feel less confused.
* * * LOW HITPOINT WARNING * * *
Your body deteriorates!
You feel weakened.
You feel very sick. Something hits you.
You die...

###### #....# #....# #....#
#....# ####### ##.#####....#
#.....#
.........>..###########.#
.#.####.......@.oo..(...#####
#.####.##########.....# # #.#
#.# #######.##.##
##.####.####.# #........#.#
.............# #.#####..#.#
##......###### #.# #..#.#
#......#### #.# #..#l#
#.........######.#####..#.#
.........†...........)...#o#


You could see 2 orcs.

Vanquished Creatures
  An orc wizard (D:3)
  A worm (D:2)
  A dart slug (D:1)
  An orc (D:3)
  6 bats
  3 endoplasms (D:2)
  A giant cockroach (D:1)
  4 goblins
  2 hobgoblins (D:1)
  4 jackals (D:2)
  4 quokkas
  11 ball pythons
  5 frilled lizards
  4 kobolds
  7 rats
55 creatures vanquished.

Notes
Turn   | Place    | Note
-------+----------+-------------------------------------------
     0 | D:1      | iguanaiguana the Deep Elf Cinder Acolyte began the quest
                  | for the Orb.
     0 | D:1      | Reached XP level 1. HP: 13/13 MP: 5/5
   249 | D:1      | Reached skill level 1 in Stealth
   257 | D:1      | Reached XP level 2. HP: 11/18 MP: 6/6
   382 | D:1      | Learned a level 2 spell: Scorch
   459 | D:1      | Reached skill level 4 in Fire Magic
  1045 | D:1      | Reached XP level 3. HP: 22/22 MP: 4/7
  1985 | D:2      | Reached skill level 5 in Fire Magic
  2096 | D:2      | Found Fiokazug's Antique Weapon Shop.
  2538 | D:2      | You fall into a shaft and drop 1 floor!
  2708 | D:3      | HP: 1/22 [orc wizard/magic dart (11)]
  2717 | D:3      | Reached skill level 1 in Throwing
  2717 | D:3      | Reached XP level 4. HP: 19/27 MP: 2/8
  2721 | D:3      | Gained mutation: Your body sometimes deteriorates upon
                  | taking damage. [potion of mutation]
  2721 | D:3      | Gained mutation: You are agile. (Dex +2) [potion of
                  | mutation]
  2721 | D:3      | HP: 1/27 [poisoned by an orc wizard]
  2721 | D:3      | Slain by an orc wizard

Illustrated notes

Levels and vault maps discovered:
D:1:      nzn_arrival_crosshair, layout_loops_cross,
          chequers_serial_rivers_small_3, minmay_pentomino_s2
D:2:      layout_loops_corners, serial_shops, nicolae_diamond_shop
D:3:      minmay_roachtagon, layout_basic,
          hellmonk_ecumenical_altar_slurped_away, serial_shops, shop,
          grunt_ministairs_12, kennysheep_cross_room

Skill      XL: |  1  2  3 |
---------------+----------+-----
Stealth        | 1 |  1.0
Fire Magic     | 4 5 |  5.3
Throwing       | 1 |  1.0
Fighting       | |  2.4
Short Blades   | |  3.0
Spellcasting   | |  1.5

Action                   |  1- 3 |  4- 6 || total
-------------------------+-------+-------++-------
Melee: Short sword       |    50 |     1 ||    51
Throw: Javelin           |     2 |       ||     2
 Cast: Scorch            |    49 |       ||    49
  Use: Scroll            |     6 |       ||     6
       Potion            |     2 |     1 ||     3
 Stab: Sleeping          |     1 |       ||     1
Armor: Leather armour    |    15 |     1 ||    16
Dodge: Dodged            |    25 |       ||    25

Table legend: (Time is in decaauts)
 A = Elapsed time spent in this place.
 B = Non-inter-level travel time spent in this place.
 C = Inter-level travel time spent in this place.
 D = Time resting spent in this place.
 E = Time spent auto-exploring this place.
 F = Levels seen in this place.
 G = Mean time per level.
                   A        B        C        D        E       F      G
               +--------+--------+--------+--------+--------+-----+--------+
         Total |   2720 |   2601 |    119 |    425 |   1805 |   3 |  906.7 |
       Dungeon |   2720 |   2601 |    119 |    425 |   1805 |   3 |  906.7 |
               +--------+--------+--------+--------+--------+-----+--------+

Top non-repeatable levels by time:
     D:2: 1282 daAuts
     D:1: 1257 daAuts
     D:3: 180 daAuts
